 Dungeon Crawl Stone Soup version 0.21.1-1-g345015f (webtiles) character file.

283 manyhoops the Magician (level 6, -2/47 HPs)
             Began as a Gnoll Wanderer on Apr 16, 2018.
             Slain by Duvessa
             ... wielding a +1 short sword of draining
              (4 damage)
             ... on level 4 of the Dungeon.
             The game lasted 00:09:42 (4839 turns).

manyhoops the Magician (Gnoll Wanderer)             Turns: 4839, Time: 00:09:43

Health: -2/47      AC: 10    Str: 15      XL:     6   Next: 28%
Magic:  14/14      EV:  6    Int: 15 (16) God:
Gold:   187        SH:  0    Dex: 11 (14) Spells: 9/15 levels left

rFire    + . .     SeeInvis .   i - +3 dagger (pain)
rCold    + . .     Gourm    .   (no shield)
rNeg     . . .     Faith    .   k - +2 chain mail {rC+}
rPois    .         Spirit   .   (no helmet)
rElec    .         Reflect  .   (no cloak)
rCorr    .         Harm     .   (no gloves)
MR       .....                  (no boots)
Stlth    ..........             (no amulet)
HPRegen  0.15/turn              e - ring of protection from fire
MPRegen  0.14/turn              (no ring)

@: extremely drained
A: distributed training, fangs 1, strong nose
a: no special abilities


You were on level 4 of the Dungeon.
You were not hungry.

You visited 1 branch of the dungeon, and saw 4 of its levels.

You collected 187 gold pieces.

Inventory:

Hand Weapons
 i - a +3 dagger of pain (weapon)
 n - a +0 mace
Armour
 b - a +0 ring mail
 d - a +0 scale mail of fire resistance
 k - a +2 chain mail of cold resistance (worn)
 p - a +0 leather armour
Magical Staves
 j - an uncursed staff of death {unknown}
Jewellery
 e - a ring of protection from fire (left hand)
Scrolls
 o - a scroll of immolation
 u - a scroll of identify
Potions
 g - a potion of degeneration
 r - a potion of cancellation
Books
 a - a book of Minor Magic

   Spells                             Type                      Level
   a - Magic Dart                     Conjuration                  1
   b - Blink                          Translocation                2
   c - Call Imp                       Summoning                    2
   d - Slow                           Hexes                        2
   e - Conjure Flame                  Conjuration/Fire             3
   f - Mephitic Cloud                 Conjuration/Poison/Air       3
 c - the Catalogue of Displacement

   Spells                             Type                      Level
   a - Apportation                    Translocation                1
   b - Lesser Beckoning               Translocation                3
Comestibles
 f - 6 rations
 v - 3 chunks of flesh


   Skills:
 + Level 3.2(0.0) Fighting
 + Level 1.8(0.0) Short Blades
 + Level 1.8(0.0) Long Blades
 + Level 1.8(0.0) Axes
 + Level 1.8(0.0) Maces & Flails
 + Level 1.8(0.0) Polearms
 + Level 1.8(0.0) Staves
 + Level 1.8(0.0) Slings
 + Level 4.9(0.0) Bows
 + Level 1.8(0.0) Crossbows
 + Level 1.8(0.0) Throwing
 + Level 1.8(0.0) Armour
 + Level 1.8(0.0) Dodging
 + Level 1.8(0.0) Stealth
 + Level 3.2(0.0) Shields
 + Level 1.8(0.0) Unarmed Combat
 + Level 5.3(0.0) Spellcasting
 + Level 1.4(0.0) Conjurations
 + Level 1.4(0.0) Hexes
 + Level 4.1(0.0) Charms
 + Level 1.4(0.0) Summonings
 + Level 1.4(0.0) Necromancy
 + Level 2.6(0.0) Translocations
 + Level 1.4(0.0) Transmutations
 + Level 1.4(0.0) Fire Magic
 + Level 1.4(0.0) Ice Magic
 + Level 1.4(0.0) Air Magic
 + Level 1.4(0.0) Earth Magic
 + Level 1.4(0.0) Poison Magic
 + Level 2.0(0.0) Invocations
 + Level 3.2(0.0) Evocations


You had 9 spell levels left.
You knew the following spells:

 Your Spells              Type           Power        Failure   Level  Hunger
a - Magic Dart            Conj           #...         100%        1    ##.....
b - Blink                 Tloc           N/A          100%        2    ###....
c - Conjure Flame         Conj/Fire      #.......     100%        3    ####...


Dungeon Overview and Level Annotations

Branches:
Dungeon (4/15)             Temple (0/1) D:4

Altars:

Annotations:
D:3 Sigmund
D:4 Dowan, Duvessa, Edmund, Grinder


Innate Abilities, Weirdness & Mutations

Your experience applies equally to all skills.
You have very sharp teeth.
Your uncanny sense of smell can sniff out nearby items.


Message History

You feel drained.
You hit Duvessa but do no damage.
Duvessa is moderately wounded.
Duvessa hits you but does no damage.
You feel drained.
You hit Duvessa.
Duvessa is moderately wounded.
Duvessa hits you but does no damage.
You feel drained.
You closely miss Duvessa. You bite Duvessa, but do no damage.
Duvessa is moderately wounded.
Duvessa hits you but does no damage.
You feel drained.
You barely miss Duvessa.
Duvessa is moderately wounded.
Duvessa hits you with a short sword of draining.
* * * LOW HITPOINT WARNING * * *
You feel drained.
* * * LOW HITPOINT WARNING * * *
Your chain mail prevents you from hitting Duvessa.
Duvessa is moderately wounded.
Duvessa hits you with a short sword of draining.
You die...

*,,,h..* *,* *,,,,..* *,*
*,,,,..* *,* ****+*.* *,*
*,,.###*,**########
****###*#####..,,,,,.(....e.
*,,,#...#§§§#.#*****########
*,>,#.⌠..§§§#.#
*,,,#...#§e@#.#
**,*##.*#####†#
*,..#...#...#.#
*,⌠...⌠...⌠.e.#
*,..#...#...###
****##.*##### *,,,#.,,*,,,*
*,⌠..,⌠∆,,⌠,* *,..*,,,*∆,,*


You could see Duvessa.

Vanquished Creatures
  The ghost of Supreme the Digger, an amateur GrEE (D:3)
  A hound (D:4)
  An orc wizard (D:3)
  Terence (D:3)
  An adder (D:2)
  A river rat (D:3)
  5 worms
  4 dart slugs
  2 leopard geckos (D:1)
  8 orcs
  A ball python (D:3)
  7 giant cockroaches
  6 goblins
  7 hobgoblins
  6 jackals
  8 kobolds
  2 quokkas
  5 bats
  6 frilled lizards
  11 rats
  A bush (D:3)
85 creatures vanquished.

Notes
Turn   | Place    | Note
-------+----------+-------------------------------------------
     0 | D:1      | manyhoops the Gnoll Wanderer began the quest for the Orb.
     0 | D:1      | manyhoops set off with: a book of Minor Magic, a +0 ring mail, the Catalogue of Displacement, a +0 dagger, a ration
     0 | D:1      | Reached XP level 1. HP: 17/17 MP: 6/6
    12 | D:1      | Identified the Catalogue of Displacement
    14 | D:1      | Learned a level 1 spell: Magic Dart
    98 | D:1      | Reached XP level 2. HP: 23/23 MP: 3/7
   607 | D:1      | Reached XP level 3. HP: 23/28 MP: 9/9
   614 | D:1      | Reached skill level 5 in Spellcasting
   850 | D:1      | Learned a level 2 spell: Blink
  1352 | D:2      | Reached skill level 1 in Invocations
  1466 | D:2      | Learned a level 3 spell: Conjure Flame
  1850 | D:2      | Reached skill level 1 in Short Blades
  1850 | D:2      | Reached skill level 1 in Long Blades
  1850 | D:2      | Reached skill level 1 in Axes
  1850 | D:2      | Reached skill level 1 in Maces & Flails
  1850 | D:2      | Reached skill level 1 in Polearms
  1850 | D:2      | Reached skill level 1 in Staves
  1850 | D:2      | Reached skill level 1 in Slings
  1850 | D:2      | Reached skill level 1 in Crossbows
  1850 | D:2      | Reached skill level 1 in Throwing
  1850 | D:2      | Reached skill level 1 in Armour
  1850 | D:2      | Reached skill level 1 in Dodging
  1850 | D:2      | Reached skill level 1 in Stealth
  1850 | D:2      | Reached skill level 1 in Unarmed Combat
  1850 | D:2      | Reached XP level 4. HP: 22/34 MP: 0/11
  2688 | D:3      | Noticed Terence
  2729 | D:3      | Killed Terence
  2729 | D:3      | Reached skill level 1 in Conjurations
  2729 | D:3      | Reached skill level 1 in Hexes
  2729 | D:3      | Reached skill level 1 in Summonings
  2729 | D:3      | Reached skill level 1 in Necromancy
  2729 | D:3      | Reached skill level 1 in Transmutations
  2729 | D:3      | Reached skill level 1 in Fire Magic
  2729 | D:3      | Reached skill level 1 in Ice Magic
  2729 | D:3      | Reached skill level 1 in Air Magic
  2729 | D:3      | Reached skill level 1 in Earth Magic
  2729 | D:3      | Reached skill level 1 in Poison Magic
  2763 | D:3      | Noticed Sigmund
  2876 | D:3      | Noticed Supreme's ghost (amateur GrEE)
  2905 | D:3      | Killed Supreme's ghost
  2905 | D:3      | Reached XP level 5. HP: 34/41 MP: 12/12
  3643 | D:3      | Reached XP level 6. HP: 24/47 MP: 13/13
  4513 | D:4      | Noticed Grinder
  4513 | D:4      | Paralysed by Grinder for 6 turns
  4631 | D:4      | Noticed Edmund
  4631 | D:4      | Noticed a phantom
  4731 | D:4      | Noticed Duvessa
  4732 | D:4      | Noticed Dowan
  4838 | D:4      | HP: 2/47 [Duvessa/short sword of draining (2)]
  4839 | D:4      | Slain by Duvessa

Skill      XL: |  1  2  3  4  5  6 |
---------------+-------------------+-----
Translocations | 2 |  2.6
Spellcasting   | 5 |  5.3
Invocations    | 1 2 |  2.0
Short Blades   | 1 |  1.8
Long Blades    | 1 |  1.8
Axes           | 1 |  1.8
Maces & Flails | 1 |  1.8
Polearms       | 1 |  1.8
Staves         | 1 |  1.8
Slings         | 1 |  1.8
Crossbows      | 1 |  1.8
Throwing       | 1 |  1.8
Armour         | 1 |  1.8
Dodging        | 1 |  1.8
Stealth        | 1 |  1.8
Unarmed Combat | 1 |  1.8
Conjurations   | 1 |  1.4
Hexes          | 1 |  1.4
Summonings     | 1 |  1.4
Necromancy     | 1 |  1.4
Transmutations | 1 |  1.4
Fire Magic     | 1 |  1.4
Ice Magic      | 1 |  1.4
Air Magic      | 1 |  1.4
Earth Magic    | 1 |  1.4
Poison Magic   | 1 |  1.4
Fighting       | 3 |  3.2
Shields        | 3 |  3.2
Charms         | 4 |  4.1
Evocations     | 3 |  3.2
Bows           | |  4.9

Action                   |  1- 3 |  4- 6 || total
-------------------------+-------+-------++-------
Melee: Dagger            |   156 |   513 ||   669
       Bite              |    11 |    76 ||    87
       Short sword       |       |    36 ||    36
       Punch             |       |     3 ||     3
 Cast: Magic Dart        |    46 |    41 ||    87
       Blink             |       |     1 ||     1
  Use: Potion            |       |    11 ||    11
       Scroll            |       |    14 ||    14
 Stab: Invisible         |       |     2 ||     2
  Eat: Chunk             |     2 |     8 ||    10
       Ration            |       |     1 ||     1
Armor: Ring mail         |    73 |    43 ||   116
       Skin              |       |    36 ||    36
       Chain mail        |       |   110 ||   110
Dodge: Dodged            |    97 |    94 ||   191
